 Dungeon Crawl Stone Soup version 0.23.2-1-ga50397a6bc (webtiles) character file.

Game seed: 12282057638717921963

405 MachJacob the Chopper (level 6, -13/57 HPs)
             Began as a Deep Dwarf Fighter on May 3, 2019.
             Mangled by an orc priest
             ... wielding a +2 whip of electrocution
              (17 damage)
             ... on level 3 of the Dungeon.
             The game lasted 00:16:50 (3141 turns).

MachJacob the Chopper (Deep Dwarf Fighter)          Turns: 3141, Time: 00:16:51

Health: -13/57     AC: 13    Str: 21    XL:     6   Next: 56%
Magic:  6/6        EV:  4    Int:  9    God:
Gold:   89         SH: 10    Dex: 12    Spells: 5/5 levels left

rFire    . . .     SeeInvis .   a - +0 war axe
rCold    + . .     Gourm    .   c - +0 shield
rNeg     + . .     Faith    .   j - +1 plate armour {rC+}
rPois    .         Spirit   .   (no helmet)
rElec    .         Reflect  .   (no cloak)
rCorr    .         Harm     .   (no gloves)
MR       .....                  (no boots)
Stlth    ..........             (no amulet)
HPRegen  0.00/turn              e - ring of positive energy
MPRegen  0.10/turn              (no ring)

@: non-regenerating
A: damage resistance, heal wounds, sense surroundings 1, no regeneration
a: Heal Wounds


You were on level 3 of the Dungeon.
You were not hungry.

You visited 1 branch of the dungeon, and saw 4 of its levels.

You collected 89 gold pieces.

Inventory:

Hand Weapons
 a - a +0 war axe (weapon)
 b - a +0 hunting sling
 o - a cursed -1 hand axe
Missiles
 i - 109 stones (quivered)
Armour
 c - a +0 shield (worn)
 j - a +1 plate armour of cold resistance (worn)
Jewellery
 e - a ring of positive energy (left hand)
 g - an uncursed amulet of magic regeneration {unknown}
 p - an uncursed ring of magical power {unknown}
Scrolls
 l - a scroll of identify
 m - 2 scrolls of amnesia {unknown}
Potions
 d - a potion of might
 k - a potion of curing
 n - a potion of mutation
Comestibles
 f - 5 rations
 h - 14 chunks of flesh


   Skills:
 + Level 3.9 Fighting
 * Level 5.1 Axes
 + Level 4.6 Armour
 + Level 4.6 Shields


You had 5 spell levels left.
You didn't know any spells.
Your spell library contained the following spells:

 Spells                   Type           Power        Failure   Level  Hunger
 Sublimation of Blood     Necr           #.........   100%        2    ###....
 Ignite Poison            Fire/Tmut/Pois #.......     100%        3    ####...
 Petrify                  Tmut/Erth      #.......     100%        4    #####..
 Alistair's Intoxication  Tmut/Pois      #.......     100%        5    ######.
 Irradiate                Conj/Tmut      #.........   100%        5    ######.


Dungeon Overview and Level Annotations

Branches:
Dungeon (4/15)             Temple (0/1) D:4

Altars:
Kikubaaqudgha
Vehumet


Innate Abilities, Weirdness & Mutations

You are resistant to damage.
You can heal yourself by infusing magical energy.
You passively map a small area around you.
You do not regenerate.


Message History

You hit the orc priest.
The orc priest is lightly wounded.
The orc priest hits you but does no damage.
You closely miss the orc priest.
The orc priest mumbles some strange prayers to Beogh against you.
Pain shoots through your body!
You hit the orc priest.
The orc priest is moderately wounded.
You block the orc priest's attack.
The orc priest miscasts a cantrip.
You hit the orc priest.
The orc priest is heavily wounded.
The orc priest hits you but does no damage.
You are electrocuted!!
* * * LOW HITPOINT WARNING * * *
You closely miss the orc priest.
The orc priest is heavily wounded.
The orc priest hits you but does no damage.
You are electrocuted!!
You die...

###.# #....###.## #.#
#.#.###...######### #.# #.#.#
#.#.......... #.#
#.#.###...########. #.#
#.#)....<...# ##.# #.#
##.#.#######รท# ##.## #.#
###.....#..)...# #.##
#####.######...#o........## ##.##
..^..........#..@..#.###.######.#
#####.##..#..##.#)##.# #.........
# #....###.##.#.##.# ########). #
####..#..##.#.##.# #######... #
##...###.#.##.# #......... #
##.## #.#.##.# #..####...
##########.####.#.##.###..# ##..
......................##..# ###
#########.##..............# #


You could see an orc priest.

Vanquished Creatures
  A phantom (D:2)
  An orc priest (D:3)
  4 orc wizards (D:4)
  Terence (D:2)
  A gnoll (D:1)
  5 adders
  2 worms
  4 leopard geckos
  7 orcs
  2 ball pythons
  5 giant cockroaches
  8 goblins
  10 hobgoblins
  8 kobolds
  A quokka (D:3)
  12 bats
  2 frilled lizards (D:2)
  10 rats
84 creatures vanquished.

Vanquished Creatures (others)
  A human (D:3)
1 creature vanquished.

Grand Total: 85 creatures vanquished

Notes
Turn   | Place    | Note
-------+----------+-------------------------------------------
     0 | D:1      | MachJacob the Deep Dwarf Fighter began the quest for the
                  | Orb.
     0 | D:1      | Reached XP level 1. HP: 20/20 MP: 1/1
    26 | D:1      | Reached XP level 2. HP: 27/27 MP: 2/2
   344 | D:1      | Reached XP level 3. HP: 34/34 MP: 3/3
   637 | D:1      | Reached skill level 3 in Axes
   937 | D:2      | Noticed a phantom
   988 | D:2      | Killed a phantom
   988 | D:2      | Reached XP level 4. HP: 27/42 MP: 4/4
   988 | D:2      | Reached XP level 5. HP: 31/49 MP: 5/5
  1237 | D:2      | Reached skill level 4 in Axes
  1319 | D:2      | Noticed Terence
  1330 | D:2      | Killed Terence
  2165 | D:3      | Found an ancient bone altar of Kikubaaqudgha.
  2167 | D:3      | Noticed a human
  2168 | D:3      | Killed a human
  2482 | D:4      | Found a radiant altar of Vehumet.
  2538 | D:3      | Reached XP level 6. HP: 42/57 MP: 6/6
  3041 | D:4      | Reached skill level 5 in Axes
  3114 | D:4      | Found a staircase to the Ecumenical Temple.
  3141 | D:3      | Mangled by an orc priest

Skill      XL: |  1  2  3  4  5  6 |
---------------+-------------------+-----
Fighting       | 3 |  3.9
Axes           | 3 4 5 |  5.1
Armour         | 4 |  4.6
Shields        | 4 |  4.6

Action                   |  1- 3 |  4- 6 || total
-------------------------+-------+-------++-------
Melee: War axe           |   158 |   171 ||   329
 Fire: Hunting sling     |       |    16 ||    16
Throw: Stone             |    21 |    22 ||    43
 Abil: Heal Wounds       |       |     1 ||     1
  Use: Scroll            |     2 |     2 ||     4
  Eat: Chunk             |       |     8 ||     8
Armor: Scale mail        |    52 |       ||    52
       Plate armour      |    31 |    92 ||   123
Dodge: Dodged            |    33 |    17 ||    50
Block: Shield            |    97 |    72 ||   169
